 Dungeon Crawl Stone Soup version 0.29.0-13-gc9e81de378 (webtiles) character file.

Game seed: 14363397544121091065

16181 Ordine the Covert (level 12, -5/60 HPs)
             Began as a Spriggan Enchanter on Sept 7, 2022.
             Was a Believer of Dithmenos.
             Slain by a mana viper (8 damage)
             ... summoned by LucemDeus's ghost
             ... on level 11 of the Dungeon.
             The game lasted 00:42:45 (14306 turns).

Ordine the Covert (Spriggan Enchanter)             Turns: 14306, Time: 00:42:46

Health: -5/60      AC:  9    Str:  4    XL:     12   Next: 7%
Magic:  20/22      EV: 24    Int: 20    God:    Dithmenos [**....]
Gold:   834        SH:  0    Dex: 17    Spells: 8/23 levels left

rFire   . . .      SeeInvis +   a - +1 dagger (freeze)
rCold   + . .      Faith    .   (no shield)
rNeg    . . .      Spirit   .   C - +2 robe {Will+}
rPois   .          Reflect  .   (helmet restricted)
rElec   .          Harm     .   k - +0 cloak
rCorr   .          Rampage  .   (gloves unavailable)
Will    +++..                   (boots unavailable)
Stlth   ++++++++..              v - amulet of regeneration
HPRegen 1.00/turn               u - ring of protection from cold
MPRegen 0.18/turn               w - +4 ring of protection

@: about to teleport, spiked, wreathed by umbra, invisible, very quick
A: very small, no large weapons, unfitting armour, see invisible, speed 3
a: Renounce Religion, Shadow Step


You were on level 11 of the Dungeon.
You worshipped Dithmenos.
Dithmenos was pleased with you.
You visited 2 branches of the dungeon, and saw 12 of its levels.

You collected 834 gold pieces.

Inventory:

Hand Weapons
 a - a +1 dagger of freezing (weapon)
 b - a +2 vampiric dagger
Missiles
 g - 8 curare-tipped darts
 G - 2 datura-tipped darts
 J - 20 poisoned darts (quivered)
Armour
 k - a +0 cloak (worn)
 p - a +0 buckler
 y - the +0 robe "Luihicak" {rElec}
   (You found it on level 11 of the Dungeon)

   rElec:     It insulates you from electricity.
 C - a +2 robe of willpower (worn)
Magical Staves
 n - a staff of poison
Jewellery
 r - an amulet of the acrobat
 u - a ring of protection from cold (left hand)
 v - an amulet of regeneration (around neck)
 w - a +4 ring of protection (right hand)
 I - a ring of resist corrosion
 N - a ring of flight
 O - a ring of fire
Wands
 x - a wand of flame (29)
 E - a wand of digging (6)
 H - a wand of roots (10)
 R - a wand of paralysis (6)
 T - a wand of polymorph (8)
Scrolls
 d - a scroll of immolation
 e - a scroll of amnesia
 h - 3 scrolls of butterflies
 j - a scroll of blinking
 m - 6 scrolls of enchant weapon
 o - 5 scrolls of teleportation
 q - 2 scrolls of silence
 z - 4 scrolls of fear {unknown}
 L - 2 scrolls of magic mapping {unknown}
 M - 2 scrolls of enchant armour {unknown}
 S - a scroll of poison {unknown}
Potions
 c - a potion of invisibility
 f - 5 potions of might {unknown}
 i - 2 potions of heal wounds {unknown}
 l - 8 potions of curing {unknown}
 s - 3 potions of degeneration {unknown}
 t - a potion of brilliance {unknown}
 A - a potion of ambrosia {unknown}
 B - a potion of flight {unknown}
 D - a potion of haste {unknown}
 F - a potion of mutation {unknown}
 K - a potion of attraction {unknown}
Miscellaneous
 P - a piece from Xom's chessboard (15/15)
 Q - a tin of tremorstones (2/2)


   Skills:
 + Level 5.9 Fighting
 - Level 10.0 Short Blades
 + Level 11.1 Dodging
 + Level 14.5 Stealth
 - Level 6.0 Spellcasting
 - Level 10.0 Hexes
 + Level 8.3 Translocations


You had 8 spell levels left.
You knew the following spells:

 Your Spells              Type           Power      Damage    Failure   Level
a - Ensorcelled Hibernat  Hex/Ice        52%        N/A       1%          2
b - Confusing Touch       Hex            46%        N/A       1%          3
c - Apportation           Tloc           78%        N/A       1%          1
d - Teleport Other        Tloc           39%        N/A       1%          3
e - Dispersal             Tloc           19%        N/A       45%         6

Your spell library contained the following spells:

 Spells                   Type           Power      Damage    Failure   Level
 Gell's Gravitas          Tloc           39%        N/A       1%          3
 Tukima's Dance           Hex            46%        N/A       1%          3
 Dazzling Flash           Conj/Hex       52%        N/A       4%          3
 Summon Guardian Golem    Hex/Summ       26%        N/A       4%          3
 Necrotise                Necr           24%        1d5       11%         1
 Summon Small Mammal      Summ           24%        N/A       11%         1
 Call Canine Familiar     Summ           6%         N/A       30%         3
 Yara's Violent Unravell  Hex/Tmut       13%        3d7       36%         5
 Summon Forest            Summ/Tloc      11%        N/A       45%         5
 Blade Hands              Tmut           3%         N/A       96%         5
 Fireball                 Conj/Fire      3%         3d4       96%         5
 Irradiate                Conj/Tmut      3%         3d12      96%         5
 Eringya's Noxious Bog    Tmut/Pois      3%         N/A       100%        6
 Starburst                Conj/Fire      3%         6d3       100%        6
 Dragon Form              Tmut           3%         N/A       100%        7
 Summon Hydra             Summ           3%         N/A       100%        7
 Ignition                 Fire           3%         3d4       100%        8
 Summon Horrible Things   Summ           3%         N/A       100%        8


Dungeon Overview and Level Annotations

Branches:
Dungeon (11/15)            Temple (1/1) D:6            Lair (0/5) D:11
    Orc (0/2) D:10

Altars:
Ashenzari
Cheibriados
Dithmenos
Elyvilon
Fedhas
Gozag
Hepliaklqana
Kikubaaqudgha
Makhleb
Nemelex Xobeh
Okawaru
Qazlal
Ru
Sif Muna
Trog
Uskayaw
Vehumet
Wu Jian
Xom
Yredelemnul
Zin
The Shining One

Annotations:
D:11 1 transporter, LucemDeus's ghost, journeyman DjWn


Innate Abilities, Weirdness & Mutations

You are very small and have problems with some larger weapons.
You are too small for most types of armour.
You have supernaturally acute eyesight. (SInv)
You cover ground extremely quickly. (Speed+++)


Message History

The two-headed ogre misses you.
The two-headed ogre completely misses you.
The fire giant closely misses you.
The cyclops throws a large rock.
The large rock hits the two-headed ogre!!
Unknown command.
Unknown command.
The barbs in your skin will harm you if you move.
Continue?
The barbed spikes dig painfully into your body as you move.
* * * LOW HITPOINT WARNING * * *
You hit the manticore but do no damage.
The fire giant gestures at you while chanting.
The bolt of fire misses you. The manticore completely misses you.
The manticore barely misses you. The manticore completely misses you.
You strike the helpless manticore from behind!
You hit the manticore but do no damage.
The manticore appears confused.
As you read the scroll of teleportation, it crumbles to dust.
You feel strangely unstable. The mana viper barely misses you.
The manticore flicks its tail.
The volley of spikes hits the cyclops!
The two-headed ogre closely misses you.
The two-headed ogre completely misses you.
The mana viper completely misses you.
The cyclops shouts!
Unknown command.
Okay, then.
The barbed spikes dig painfully into your body as you move.
* * * LOW HITPOINT WARNING * * *
The barbed spikes dig painfully into your body as you move.
* * * LOW HITPOINT WARNING * * *
The barbed spikes dig painfully into your body as you move.
* * * LOW HITPOINT WARNING * * *
Casting: Ensorcelled Hibernation (safe; 1% risk of failure)
Confirm with . or Enter, or press ? or * to list all spells.
Aiming: Ensorcelled Hibernation (safe; 1% risk of failure)
Press: ? - help, Shift-Dir - straight line, f - mana viper
Aim: a mana viper (summoned, umbra, chance to affect: 4%)
Okay, then.
The barbed spikes dig painfully into your body as you move.
* * * LOW HITPOINT WARNING * * *
The mana viper bites you!
You die...

#..##©......##.......#######
#..#8..#.#..8#...#..## #
#..#..#.W.#.!#......## #
#####..#....o...[#..#.#..## #
#.....©#...H©...)#©...#...######
#####..#...OHSC./#..###.#.#.....
#..#..#CS.#..#..###.#..)####
#..#8..#.#S.8#..##...)[[# ##
#..##......@##..#...###.###.
#...#########.....#.....##..
#...)...........######..##.#
#...)..........## ##....#
#...######...#.########...##
#...##########.#............
#................###......##
#...############.#...####...
#...# #......# ##..


You could see a fire giant, a two-headed ogre (unable to see you), 2 manticores,
3 mana vipers and an orc priest (unable to see you).

Vanquished Creatures
  Fannar (D:11)
  The ghost of DoubleLucky the Grappler, a novice TrFi of Qazlal (D:8)
  4 two-headed ogres
  3 skeletal warriors (D:11)
  An unseen horror (D:10)
  A komodo dragon (D:11)
  2 trolls
  2 shadows
  Sigmund (D:2)
  30 yaks
  2 wyverns (D:7)
  A wraith (D:11)
  2 steam dragons (D:6)
  An acid dragon (D:9)
  4 water moccasins
  2 sky beasts
  4 orc warriors
  3 black bears
  3 centaurs
  2 phantoms
  2 kobold brigands
  A bullfrog (D:7)
  2 necrophages
  A gnoll sergeant (D:7)
  2 scorpions
  12 wights
  15 killer bees
  A howler monkey (D:10)
  2 jellies
  3 hounds
  9 orc priests
  4 iguanas
  13 orc wizards
  8 gnolls (D:7)
  9 adders
  2 white imps
  An ufetubus (D:3)
  4 worms
  4 dart slugs
  40 orcs
  4 ball pythons
  An endoplasm (D:1)
  4 giant cockroaches
  8 goblins
  8 hobgoblins
  8 jackals
  A quokka (D:1)
  8 bats
  5 frilled lizards
  15 kobolds
  6 rats
273 creatures vanquished.

Notes
Turn   | Place    | Note
-------+----------+-------------------------------------------
     0 | D:1      | Ordine the Spriggan Enchanter began the quest for the Orb.
     0 | D:1      | Reached XP level 1. HP: 9/9 MP: 5/5
   154 | D:1      | Reached XP level 2. HP: 13/13 MP: 6/6
   157 | D:1      | Learned a level 2 spell: Ensorcelled Hibernation
   209 | D:1      | Reached skill level 5 in Stealth
   894 | D:1      | Reached XP level 3. HP: 16/16 MP: 8/8
  1508 | D:2      | Noticed Sigmund
  1510 | D:2      | Killed Sigmund
  1511 | D:2      | Reached skill level 7 in Stealth
  1511 | D:2      | Reached XP level 4. HP: 21/21 MP: 9/9
  1511 | D:2      | Reached XP level 5. HP: 24/24 MP: 10/10
  1514 | D:2      | Found a bloodstained altar of Trog.
  1582 | D:2      | Learned a level 3 spell: Confusing Touch
  1908 | D:2      | Found a faded altar of an unknown god.
  2592 | D:3      | Reached skill level 8 in Stealth
  2766 | D:3      | Reached XP level 6. HP: 28/28 MP: 11/11
  2776 | D:3      | Learned a level 1 spell: Apportation
  3583 | D:4      | Reached skill level 5 in Short Blades
  3806 | D:4      | Found an ancient bone altar of Kikubaaqudgha.
  3885 | D:4      | Identified the +2 scale mail "Goovaimu" {rPois Dex+6}
  4208 | D:5      | Entered Level 5 of the Dungeon
  4299 | D:5      | Reached skill level 5 in Hexes
  4370 | D:4      | Reached XP level 7. HP: 30/32 MP: 10/14
  5578 | D:5      | Reached skill level 1 in Fighting
  5578 | D:5      | Reached XP level 8. HP: 37/37 MP: 12/15
  5962 | D:5      | Reached skill level 5 in Dodging
  6092 | D:6      | Found a staircase to the Ecumenical Temple.
  6101 | Temple   | Entered the Ecumenical Temple
  6178 | D:6      | HP: 1/40 [something] (2)]
  6561 | D:6      | Reached XP level 9. HP: 44/44 MP: 9/16
  7053 | D:7      | Reached skill level 9 in Stealth
  7503 | D:7      | Reached skill level 10 in Stealth
  7864 | D:7      | Reached skill level 11 in Stealth
  8048 | D:7      | Found an iron altar of Okawaru.
  8049 | D:7      | Found an opulent altar of Gozag.
  8049 | D:7      | Found a white marble altar of Elyvilon.
  8064 | D:7      | Found a hazy altar of Hepliaklqana.
  8065 | D:7      | Found a snail-covered altar of Cheibriados.
  8066 | D:7      | Found a shadowy altar of Dithmenos.
  8067 | D:7      | Found a sacrificial altar of Ru.
  8068 | D:7      | Found a glowing silver altar of Zin.
  8071 | D:7      | Became a worshipper of Dithmenos the Shadowed
  9029 | D:8      | Reached skill level 1 in Translocations
  9166 | D:8      | Got Efero's Omnibus of the Countless Youths
  9787 | D:8      | Found a runed translucent door.
  9825 | D:8      | Noticed DoubleLucky's ghost (novice TrFi)
  9948 | D:8      | Killed DoubleLucky's ghost
  9949 | D:8      | Reached XP level 10. HP: 49/49 MP: 14/18
 10539 | D:9      | Reached skill level 12 in Stealth
 10655 | D:8      | Reached skill level 5 in Spellcasting
 10792 | D:9      | Reached * piety under Dithmenos
 11164 | D:9      | Noticed a two-headed ogre
 11171 | D:9      | Killed a two-headed ogre
 11257 | D:9      | Noticed a two-headed ogre
 11271 | D:9      | Killed a two-headed ogre
 11272 | D:9      | Reached skill level 5 in Translocations
 11380 | D:9      | Reached XP level 11. HP: 51/54 MP: 5/21
 12071 | D:10     | Entered Level 10 of the Dungeon
 12238 | D:10     | Reached skill level 13 in Stealth
 12578 | D:10     | Reached ** piety under Dithmenos
 12826 | D:10     | Found a transporter.
 12847 | D:10     | Found a transporter.
 12849 | D:10     | Found a transporter.
 12853 | D:10     | Found a transporter.
 12896 | D:10     | Reached skill level 10 in Dodging
 13137 | D:10     | Found a staircase to the Orcish Mines.
 13259 | D:10     | Reached skill level 5 in Fighting
 13458 | D:11     | Noticed Fannar
 13460 | D:11     | Killed Fannar
 13549 | D:11     | Reached skill level 10 in Hexes
 13635 | D:11     | Noticed a two-headed ogre
 13638 | D:11     | Killed a two-headed ogre
 13781 | D:11     | Reached skill level 14 in Stealth
 13914 | D:11     | Noticed a skeletal warrior
 13914 | D:11     | Noticed a skeletal warrior
 13948 | D:11     | Noticed a skeletal warrior
 13950 | D:11     | Killed a skeletal warrior
 13951 | D:11     | Reached skill level 10 in Short Blades
 13965 | D:11     | Killed a skeletal warrior
 13973 | D:11     | Killed a skeletal warrior
 14013 | D:11     | Reached XP level 12. HP: 60/60 MP: 22/22
 14067 | D:11     | Noticed a fire giant
 14067 | D:11     | Noticed a two-headed ogre
 14126 | D:11     | Found a transporter.
 14126 | D:11     | Noticed LucemDeus's ghost (journeyman DjWn)
 14130 | D:11     | Found a transporter.
 14137 | D:11     | Identified the +0 robe "Luihicak" {rElec}
 14170 | D:11     | Found a staircase to the Lair.
 14185 | D:11     | Noticed a two-headed ogre
 14189 | D:11     | Killed a two-headed ogre
 14289 | D:11     | Learned a level 3 spell: Teleport Other
 14296 | D:11     | Learned a level 6 spell: Dispersal
 14306 | D:11     | HP: 2/60 [barbs]
 14306 | D:11     | Slain by a mana viper

Illustrated notes

Levels and vault maps discovered:
D:1:      erik_arrival_cave_to_civilisation [erik_arrival_cave_to_hall],
          layout_basic
D:2:      layout_rooms, shapermc_ecumenical_altar_pompeii, basic_altar,
          minmay_misc_feat_diagonals, guppyfry_early_orc_mine, uniq_sigmund
D:3:      layout_loops_ring
D:4:      layout_loops_ring, mainiacjoe_overflow_24_doors, skrybe_limestone_x,
          nicolae_figureground_sparkle
D:5:      layout_layer_cave
D:6:      layout_rooms, minmay_temple_entry_mini_moons
D:7:      layout_layer_cave, grunt_temple_overflow_open, palyth_stone_intersect
D:8:      layout_basic, gammafunk_ghost_grave, item_on_display_a
D:9:      layout_stronghold
D:10:     layout_gridville, orc_0_dummy, columned_hall_lemuel,
          chequers_serial_rivers_micro_a, nicolae_transporter_circle
D:11:     layout_rooms, lair_entry_dummy, gauntlet_entry_generic,
          gammafunk_ghost_arena, uniq_fannar
Temple:   nicolae_temple_god_jail

Skill      XL: |  1  2  3  4  5  6  7  8  9 10 11 12 |
---------------+-------------------------------------+-----
Stealth        | 5 7 8 11 12 14 | 14.5
Short Blades   | 2 4 5 6 8 9 10 | 10.0
Spellcasting   | 4 6 |  6.0
Hexes          | 5 7 8 9 10 | 10.0
Dodging        | 3 7 8 9 10 11 | 11.1
Fighting       | 1 3 4 5 |  5.9
Translocations | 2 5 8 |  8.3

Action                   |  1- 3 |  4- 6 |  7- 9 | 10-12 || total
-------------------------+-------+-------+-------+-------++-------
Melee: Dagger            |    67 |   122 |   222 |   261 ||   672
       Punch             |       |     1 |     2 |     2 ||     5
 Cast: Ensorcelled Hiber |     6 |    41 |   109 |   114 ||   270
       Confusing Touch   |       |     1 |    15 |     6 ||    22
Evoke: Wand              |       |       |       |     1 ||     1
  Use: Scroll            |       |       |     7 |     2 ||     9
       Potion            |       |       |       |     1 ||     1
 Stab: Sleeping          |    11 |    51 |    61 |    81 ||   204
       Confused          |       |     1 |    17 |     5 ||    23
       Distracted        |       |       |       |     1 ||     1
       Invisible         |       |       |       |     1 ||     1
Armor: Robe              |     5 |    13 |    34 |    22 ||    74
Dodge: Dodged            |    41 |    60 |   127 |   181 ||   409
